Map: [ESL] Hard Lead

Players

Firefly - Winner!

  • Race: Protoss Protoss
  • Spawn Location: 5:00

Oliveira

  • Race: Terran Terran
  • Spawn Location: 11:00

Event: ESL SC2 Masters 2023 Winter (Regional)

VOD

Have the link to the VOD?

Description

Time

  • Played on: Nov. 12, 2023, 7:52 a.m.
  • Length: 9:51

All games in this series

Show
View Real Time Build Order
Export as new Build Order

Firefly Protoss - Winner!

Build Orders: 1 Gate Expand, Double Forge, Blink Stalkers 

Get SALT Encoding   

  12  0:00  Probe  
  13  0:12  Probe  
  14  0:17  Pylon  
  14  0:24  Probe  
  15  0:35  Gateway  
  15  0:36  Probe (Chrono Boost)  
  16  0:46  Assimilator, Probe (Chrono Boost)  
  17  0:51  Probe (Chrono Boost)  
  18  1:03  Probe  
  19  1:15  Probe  
  20  1:22  Cybernetics Core  
  20  1:32  Nexus  
  20  1:38  Pylon  
  20  1:40  Probe  
  21  1:48  Assimilator  
  21  1:53  Probe  
  22  1:55  Adept (Chrono Boost)  
  22  1:59  Warp Gate  
  24  2:05  Probe (Chrono Boost)  
  25  2:17  Probe (Chrono Boost)  
  25  2:18  Adept  
  28  2:24  Probe (Chrono Boost)  
  29  2:30  Twilight Council  
  29  2:31  Probe  
  30  2:41  Gateway  
  30  2:43  Probe (Chrono Boost)  
  32  2:49  Probe (Chrono Boost)  
  32  2:53  Probe (Chrono Boost)  
  32  2:57  Probe (Chrono Boost)  
  32  2:58  Probe (Chrono Boost)  
  34  3:03  Robotics Facility  
  35  3:10  Probe (Chrono Boost)  
  35  3:11  Probe (Chrono Boost)  
  37  3:14  Blink  
  38  3:21  Probe (Chrono Boost)  
  38  3:23  Probe (Chrono Boost)  
  38  3:26  Pylon  
  38  3:27  Probe  
  39  3:32  Probe  
  41  3:39  Probe  
  42  3:44  Probe  
  42  3:45  Nexus  
  43  3:52  Observer  
  44  3:57  Forge  
  44  3:58  Forge  
  44  4:00  Probe x2  
  46  4:06  Stalker  
  46  4:09  Stalker  
  50  4:12  Pylon  
  50  4:14  Observer  
  50  4:15  Probe x2 (Chrono Boost)  
  53  4:18  Assimilator  
  54  4:26  Probe (Chrono Boost)  
  54  4:31  Probe x2 (Chrono Boost)  
  55  4:32  Pylon  
  55  4:34  Protoss Ground Armor Level 1 (Chrono Boost), Protoss Ground Weapons Level 1 (Chrono Boost)  
  56  4:39  Probe  
  56  4:40  Probe  
  58  4:45  Gateway  
  58  4:47  Gateway  
  58  4:51  Probe  
  59  4:54  Probe  
  59  4:56  Shield Battery  
  60  5:02  Gateway x2  
  60  5:05  Stalker  
  62  5:11  Shield Battery  
  62  5:13  Stalker  
  64  5:15  Charge  
  64  5:21  Shield Battery  
  64  5:28  Pylon  
  64  5:31  Stalker  
  66  5:36  Stalker  
  66  5:41  Stalker  
  70  5:44  Stalker  
  72  5:53  Gateway  
  72  5:54  Gateway  
  72  5:55  Probe, Pylon  
  72  6:02  Probe x2  
  74  6:04  Warp Prism  
  74  6:05  Pylon  
  74  6:07  Probe  
  74  6:10  Pylon  
  77  6:14  Gateway  
  77  6:21  Pylon  
  77  6:22  Protoss Ground Weapons Level 2 (Chrono Boost)  
  77  6:25  Protoss Ground Armor Level 2 (Chrono Boost)  
  77  6:30  Pylon  
  77  6:34  Pylon  
  77  6:35  Zealot x4  
  77  6:36  Zealot  
  77  6:39  Probe  
  88  6:41  Pylon  
  88  6:50  Zealot x2  
  88  6:51  Zealot, Probe  
  95  6:58  Stalker x2  
  95  6:59  Stalker x2  
  95  7:00  Zealot  
  105  7:03  Probe  
  106  7:14  Zealot x4  
  108  7:18  Pylon  
  106  7:26  Zealot x5  
  114  7:31  Pylon  
  114  7:39  Sentry, Stalker  
  114  7:40  Stalker x2  
  122  7:48  Stalker x2  
  122  7:49  Stalker x2  
  130  7:51  Zealot  
  130  7:55  Photon Cannon  
  132  8:09  Zealot x3  
  132  8:10  Zealot  
  132  8:12  Zealot x4  
  144  8:22  Warp Prism (Chrono Boost)  
  98  8:29  Stalker x2  
  98  8:31  Stalker x3  
  104  8:34  Observer  
  104  8:35  Zealot  
  106  8:46  Zealot x3  
  112  8:51  Observer (Chrono Boost)  
  113  8:58  Zealot x5  
  99  9:19  Zealot  
  99  9:20  Zealot x8  
Show
View Real Time Build Order
Export as new Build Order

Oliveira Terran 

Build Orders: Cyclone Opening 

Get SALT Encoding   

  12  0:00  SCV  
  13  0:12  SCV  
  14  0:17  Supply Depot  
  14  0:24  SCV  
  15  0:39  SCV  
  15  0:40  Barracks  
  16  0:44  Refinery  
  16  0:51  SCV  
  17  1:03  SCV  
  18  1:15  SCV  
  19  1:27  Orbital Command, Marine  
  20  1:44  Command Center  
  20  1:46  Barracks Reactor  
  20  1:52  Supply Depot  
  20  1:55  SCV  
  21  2:07  SCV  
  22  2:08  Factory  
  22  2:18  Refinery  
  22  2:19  SCV  
  22  2:22  Marine x2  
  25  2:31  SCV  
  26  2:40  Marine x2  
  26  2:44  SCV  
  29  2:52  Cyclone  
  29  2:53  Starport  
  29  2:58  Orbital Command  
  31  2:59  SCV  
  31  3:02  Marine  
  31  3:05  Marine  
  34  3:11  SCV  
  35  3:16  Barracks  
  35  3:22  Marine  
  35  3:23  SCV  
  35  3:25  SCV  
  35  3:26  Marine  
  39  3:28  Factory Tech Lab  
  39  3:33  Starport Tech Lab  
  39  3:35  Supply Depot  
  39  3:36  SCV  
  39  3:39  SCV  
  41  3:42  Marine  
  41  3:48  SCV  
  43  3:50  Siege Tank  
  46  3:57  Banshee, SCV  
  46  3:59  Supply Depot  
  46  4:00  Marine  
  46  4:02  SCV  
  52  4:03  Marine  
  52  4:06  Barracks Tech Lab  
  52  4:09  SCV  
  53  4:14  SCV  
  53  4:16  Engineering Bay  
  54  4:21  SCV, Marine  
  54  4:23  Supply Depot  
  56  4:27  Siege Tank  
  56  4:31  Stimpack  
  59  4:33  SCV  
  59  4:35  SCV  
  59  4:36  Marine  
  62  4:43  Refinery  
  62  4:44  Marine  
  63  4:46  Supply Depot  
  63  4:50  Medivac  
  63  4:51  SCV  
  66  4:53  SCV  
  66  4:56  Supply Depot  
  66  4:58  Marine  
  66  4:59  Marine  
  69  5:05  Barracks  
  69  5:07  SCV  
  69  5:11  Terran Infantry Weapons Level 1  
  69  5:13  SCV  
  71  5:15  Marine  
  71  5:19  Marine  
  73  5:24  Factory Reactor  
  73  5:25  SCV  
  73  5:27  Supply Depot, SCV  
  75  5:31  Marine  
  75  5:32  Starport Reactor  
  75  5:35  Refinery  
  76  5:37  SCV, Marine  
  76  5:40  SCV  
  79  5:47  Marine  
  79  5:49  SCV  
  81  5:52  SCV  
  81  5:55  Concussive Shells  
  81  5:56  Marauder x2  
  86  6:01  Marine  
  86  6:02  Supply Depot, Widow Mine x2  
  86  6:03  Supply Depot  
  91  6:09  Medivac  
  91  6:10  Combat Shield, Marine  
  94  6:23  Command Center  
  94  6:24  Marauder x2, SCV x2, Medivac  
  102  6:28  Widow Mine x2  
  102  6:31  Supply Depot  
  102  6:32  Marine  
  107  6:33  Marine  
  108  6:46  Marauder  
  109  6:48  Barracks  
  109  6:49  Barracks  
  109  6:53  Widow Mine x2  
  113  6:54  Marine  
  114  7:03  Marine  
  113  7:14  Terran Infantry Armor Level 1, Widow Mine  
  110  7:16  Armory  
  110  7:17  Marine  
  110  7:18  Marauder, Marine  
  110  7:19  SCV  
  110  7:21  Widow Mine  
  110  7:22  SCV  
  118  7:28  Viking, Marine  
  118  7:29  Viking  
  123  7:35  Marine, SCV  
  123  7:36  SCV  
  125  7:43  Barracks Reactor, Barracks Tech Lab  
  126  7:44  Widow Mine x2  
  126  7:51  Marine, Supply Depot x2  
  126  7:52  Marauder  
  126  7:55  Marauder  
  126  7:56  Marine  
  123  7:58  SCV x2  
  123  8:04  Engineering Bay  
  124  8:07  Orbital Command  
  124  8:09  Marine  
  124  8:14  Marauder  
  124  8:15  Marine x2  
  124  8:16  Marauder  
  124  8:18  Widow Mine  
  127  8:21  Marine x2  
  98  8:27  Marauder, SCV  
  98  8:32  Widow Mine  
  98  8:34  SCV  
  100  8:36  Marine  
  100  8:38  SCV  
  100  8:40  Marine  
  100  8:41  Marauder  
  105  8:42  Marine  
  105  8:44  Marine  
  105  8:45  Marine  
  107  8:50  SCV x3  
  107  8:55  Marauder, Marine  
  113  9:00  Medivac x2  
  108  9:05  Marine  
  108  9:08  SCV  
  103  9:11  Marine x2  
  103  9:12  Marauder  
  103  9:14  Widow Mine  
  103  9:16  Marine x2  
  101  9:17  Marauder  
  101  9:20  SCV  
  94  9:23  Marine  
Tags
 
Add a new tag
Caveats
  • Supply blocks, unpowered buildings, or Contaminate may cause inaccurate times.
  • Supply counts are checked every 10 seconds.